Map: 2000 Atmospheres LE

Players

DRG

  • Race: Zerg Zerg

Serral - Winner!

  • Race: Zerg Zerg

Event: StayAtHome Story Cup #4

VOD

Have the link to the VOD?

Description

Time

  • Played on: Oct. 23, 2021, 11:35 a.m.
  • Length: 6:12

All games in this series

Show
View Real Time Build Order
Export as new Build Order

DRG Zerg 

Build Orders: 1 Base Baneling Bust, Pool First 

Get SALT Encoding   

  12  0:17  Spawning Pool  
  11  0:22  Drone  
  11  0:26  Drone  
  13  0:31  Drone  
  14  0:37  Extractor  
  14  0:42  Overlord  
  13  1:04  Zergling x4  
  15  1:05  Zergling x2  
  16  1:13  Queen  
  16  1:16  Zergling x2  
  19  1:27  Zergling x2  
  20  1:36  Metabolic Boost  
  20  1:37  Zergling x2  
  21  1:48  Zergling x2  
  22  1:56  Baneling Nest  
  22  1:59  Overlord  
  21  2:10  Overlord  
  21  2:26  Drone x3  
  22  2:38  Drone  
  22  2:42  Baneling  
  22  2:43  Baneling  
  23  2:48  Drone  
  24  3:05  Hatchery  
  23  3:08  Drone  
  24  3:15  Drone x2  
  25  3:20  Drone  
  25  3:23  Drone  
  23  3:33  Queen  
  25  3:36  Zergling x2  
  26  3:41  Zergling x2  
  26  3:47  Zergling x2  
  26  3:48  Zergling x2  
  29  3:50  Zergling x2  
  30  3:58  Drone  
  30  4:02  Baneling x2  
  31  4:06  Drone  
  32  4:13  Lair  
  32  4:14  Extractor  
  32  4:15  Drone  
  31  4:19  Drone  
  31  4:20  Drone  
  31  4:23  Drone  
  34  4:25  Drone  
  34  4:28  Drone  
  36  4:34  Drone  
  37  4:40  Drone  
  37  4:43  Drone  
  37  4:44  Drone x2  
  41  4:51  Overlord  
  41  4:54  Drone x2  
  41  4:58  Overlord  
  43  5:07  Overlord  
  43  5:09  Drone, Extractor  
  43  5:10  Drone, Extractor  
  43  5:15  Spire  
  43  5:17  Drone  
  43  5:20  Drone  
  44  5:22  Drone  
  44  5:24  Drone  
  44  5:26  Drone  
  44  5:27  Drone  
  48  5:29  Drone  
  48  5:32  Drone  
  48  5:33  Drone  
  48  5:34  Drone  
  53  5:42  Zergling x2  
  53  5:43  Zergling x4  
  53  5:47  Drone x2  
  61  6:07  Hatchery  
Show
View Real Time Build Order
Export as new Build Order

Serral Zerg - Winner!

Build Orders: Hatch First 

Get SALT Encoding   

  12  0:00  Drone  
  13  0:12  Overlord  
  13  0:17  Drone  
  14  0:30  Drone x2  
  16  0:47  Hatchery  
  15  0:50  Drone  
  15  0:54  Drone  
  17  0:57  Drone  
  18  1:08  Extractor  
  17  1:12  Spawning Pool  
  17  1:16  Drone  
  17  1:19  Drone  
  18  1:28  Drone  
  19  1:59  Zergling x6  
  19  2:00  Queen, Zergling x2  
  27  2:06  Spine Crawler  
  26  2:10  Baneling Nest  
  26  2:12  Zergling x2  
  26  2:16  Zergling x2  
  27  2:23  Overlord  
  27  2:28  Zergling x2  
  25  2:45  Metabolic Boost  
  25  2:47  Hatchery  
  24  3:04  Baneling  
  24  3:05  Queen  
  26  3:07  Drone x3  
  29  3:16  Baneling  
  29  3:18  Drone x3  
  29  3:39  Hatchery  
  28  3:46  Overlord  
  28  3:50  Drone  
  29  4:05  Drone x3  
  32  4:11  Extractor  
  32  4:12  Lair  
  32  4:16  Drone x2  
  33  4:23  Drone x2  
  35  4:36  Roach Warren  
  35  4:37  Drone  
  35  4:49  Drone  
  36  4:53  Queen  
  36  4:56  Overlord  
  38  5:13  Queen  
  40  5:14  Nydus Network  
  39  5:26  Roach  
  39  5:27  Roach x2  
  45  5:33  Roach  
  47  5:38  Roach x2  
  51  5:45  Overlord  
  51  5:48  Overlord  
  51  5:52  Nydus Canal  
Tags
 
Add a new tag
Caveats
  • Supply blocks, unpowered buildings, or Contaminate may cause inaccurate times.
  • Supply counts are checked every 10 seconds.